 Dungeon Crawl Stone Soup version 0.26-a0-1191-ge2a0e31ab3 (webtiles) character file.

Game seed: 10474542219561302861

576 stormannn the Conjurer (level 6, -4/45 HPs)
             Began as a Demigod Conjurer on Dec 28, 2020.
             Slain by Grinder (6 damage)
             ... while paralysed by Grinder
             ... on level 3 of the Dungeon.
             The game lasted 00:14:09 (6288 turns).

stormannn the Conjurer (Demigod Conjurer)           Turns: 6288, Time: 00:14:09

Health: -4/45      AC:  7    Str: 10    XL:     6   Next: 88%
Magic:  4/4        EV:  2    Int: 26    God:
Gold:   173        SH:  0    Dex: 14    Spells: 9/12 levels left

rFire    . . .     SeeInvis .   t - +0 spear (antimagic)
rCold    . . .     Faith    .   (no shield)
rNeg     . . .     Spirit   .   a - +0 robe
rPois    .         Reflect  +   (no helmet)
rElec    .         Harm     .   (no cloak)
rCorr    .         Rampage  .   f - +2 pair of gloves
Will     .....                  b - +1 pair of boots
Stlth    ++........             v - amulet of reflection
HPRegen  0.15/turn              (no ring)
MPRegen  0.09/turn              (no ring)

@: paralysed, flying, very slightly contaminated, hasted, invisible
A: high mp 1
a: no special abilities


You were on level 3 of the Dungeon.
You visited 1 branch of the dungeon, and saw 4 of its levels.
You also visited: Sewer.

You collected 173 gold pieces.

Inventory:

Hand Weapons
 k - a +0 short sword
 t - a +0 antimagic spear (weapon)
Armour
 a - a +0 robe (worn)
 b - a +1 pair of boots (worn)
 f - a +2 pair of gloves (worn)
Jewellery
 v - an amulet of reflection (around neck)
Scrolls
 g - 5 scrolls of identify
 l - 4 scrolls of magic mapping
 n - 2 scrolls of blinking
Potions
 e - a potion of berserk rage {unknown}
 h - a potion of cancellation
 j - a potion of might
 m - a potion of ambrosia {unknown}
 o - a potion of curing {unknown}
 p - a potion of magic
 q - 2 potions of brilliance


   Skills:
 + Level 3.8 Dodging
 - Level 1.7 Stealth
 + Level 3.5 Spellcasting
 * Level 6.1 Conjurations


You had 9 spell levels left.
You knew the following spells:

 Your Spells              Type           Power        Failure   Level
a - Magic Dart            Conj           100%         1%          1
b - Searing Ray           Conj           72%          1%          2

Your spell library contained the following spells:

 Spells                   Type           Power        Failure   Level
 Dazzling Flash           Conj/Hex       40%          8%          3
 Fulminant Prism          Conj/Hex       10%          26%         4
 Iskenderun's Mystic Bla  Conj/Tloc      20%          26%         4


Dungeon Overview and Level Annotations

Branches:
Dungeon (4/15)              Sewer (visited)
 Temple: D:4-7

Annotations:
D:3 Grinder
D:4 Sigmund


Innate Abilities, Weirdness & Mutations

You have an increased reservoir of magic. (+10% MP)


Message History

* * * LOW HITPOINT WARNING * * *
You writhe in agony.
* * * LOW HITPOINT WARNING * * *
You feel yourself speed up.
Grinder says, "Just stop there for a second..."
Grinder closely misses you.
It was a potion of flight.
You feel very buoyant.
You fly up into the air.
Grinder hits you.
* * * LOW HITPOINT WARNING * * *
You writhe in agony.
* * * LOW HITPOINT WARNING * * *
It was a potion of invisibility.
You fade into invisibility!
Grinder gestures at you.
You suddenly lose the ability to move!
You are very lightly contaminated with residual magic.
Grinder hits you but does no damage. Grinder hits you.
You die...

#.##############
#.#............#
#####.#.###.##.###.# #######
#...........##.# #.# #...[.#
#.#.....######.# #.##
#.#.#.###(##..........)# #..#
#.....))..###.########## ##.#
#.#.#.#######.# #.#
#[....))...##@# #.#
##..######.##5## #.# #).####
#.#..>## #.# #.....# #...)..##
#####.# #..##.###.......##
##...#.#
#####...#.##.........####......#
.....................+.......###
##........##.........####...##
#.###.#).###.......## ##..#


You could see Grinder.

Vanquished Creatures
  2 bullfrogs (Sewer)
  A howler monkey (D:3)
  Terence (D:3)
  An iguana (D:4)
  8 gnolls
  11 adders
  7 river rats (Sewer)
  An ooze (D:3)
  3 worms (D:3)
  3 dart slugs
  2 leopard geckos
  3 orcs (D:3)
  7 bats
  4 giant cockroaches
  7 goblins
  10 hobgoblins
  4 jackals (D:1)
  10 kobolds
  10 ball pythons
  10 frilled lizards
  29 rats
134 creatures vanquished.

Notes
Turn   | Place    | Note
-------+----------+-------------------------------------------
     0 | D:1      | stormannn the Demigod Conjurer began the quest for the Orb.
     0 | D:1      | Reached XP level 1. HP: 14/14 MP: 5/5
   616 | D:1      | Reached XP level 2. HP: 20/20 MP: 4/7
   893 | D:1      | Reached skill level 4 in Conjurations
  1410 | D:1      | Reached XP level 3. HP: 26/26 MP: 6/8
  1508 | D:1      | Learned a level 2 spell: Searing Ray
  2331 | D:2      | Reached XP level 4. HP: 33/33 MP: 6/10
  2707 | D:2      | Found a bloodstained altar of Trog.
  2905 | D:3      | Found a glowing drain.
  2954 | Sewer    | Entered a sewer
  3398 | Sewer    | Reached XP level 5. HP: 37/38 MP: 3/12
  3501 | Sewer    | Reached skill level 5 in Conjurations
  3831 | Sewer    | Reached XP level 6. HP: 9/45 MP: 0/13
  4458 | D:3      | Noticed Terence
  4461 | D:3      | Killed Terence
  4962 | D:3      | Found a blossoming altar of Fedhas.
  5503 | D:3      | Reached skill level 6 in Conjurations
  5703 | D:4      | Noticed Sigmund
  6221 | D:4      | Noticed Grinder
  6276 | D:3      | Paralysed by Grinder for 4 turns
  6285 | D:3      | HP: 1/45 [Grinder (6)]
  6286 | D:3      | Paralysed by Grinder for 5 turns
  6288 | D:3      | Slain by Grinder

Illustrated notes

Levels and vault maps discovered:
D:1:      lemuel_arrival_tunnels, layout_loops_ring, nrook_mini_vaults
D:2:      layout_basic, lemuel_doored_altar
D:3:      layout_loops_corners, fedhas_altar_4, portal_sewer_entry_c,
          minmay_fractal_squares_diagonal_5, uniq_terence
D:4:      layout_cave_pools, lemuel_coloured_pillars_altar, uniq_natasha,
          uniq_sigmund, uniq_eustachio, uniq_grinder

Skill      XL: |  1  2  3  4  5  6 |
---------------+-------------------+-----
Dodging        | 2 3 |  3.8
Spellcasting   | 2 3 |  3.5
Conjurations   | 4 5 6 |  6.1
Stealth        | |  1.7

Action                   |  1- 3 |  4- 6 || total
-------------------------+-------+-------++-------
Melee: Unarmed           |     2 |       ||     2
       Short sword       |     5 |     9 ||    14
       Spear             |       |    29 ||    29
 Cast: Magic Dart        |    97 |   122 ||   219
       Searing Ray       |     3 |    19 ||    22
  Use: Scroll            |     2 |     8 ||    10
       Potion            |       |     8 ||     8
 Stab: Sleeping          |       |     1 ||     1
Armor: Robe              |     3 |     9 ||    12
Dodge: Dodged            |    12 |    60 ||    72
Block: Other             |       |     2 ||     2

Table legend: (Time is in decaauts)
 A = Elapsed time spent in this place.
 B = Non-inter-level travel time spent in this place.
 C = Inter-level travel time spent in this place.
 D = Time resting spent in this place.
 E = Time spent auto-exploring this place.
 F = Levels seen in this place.
 G = Mean time per level.
                   A        B        C        D        E       F      G
               +--------+--------+--------+--------+--------+-----+--------+
         Total |   6346 |   6149 |    197 |   3277 |   2074 |   5 | 1269.2 |
       Dungeon |   5051 |   4854 |    197 |   2327 |   1895 |   4 | 1262.8 |
         Sewer |   1295 |   1295 |      0 |    950 |    179 |   1 | 1295.0 |
               +--------+--------+--------+--------+--------+-----+--------+

Top non-repeatable levels by time:
     D:3: 2177 daAuts
     D:1: 1537 daAuts
   Sewer: 1295 daAuts
     D:2: 1232 daAuts
     D:4: 103 daAuts
